Match 41342221
Unlisted

Match 41342221
End
250 Light Carrier
Panzergrenadier Squad
Selects Panzerjäger Kommand Battlegroup
Selects Mine Fields
Kradschützen Motorcycle Team
Construct Light Support Kompanie
MG34 Team
Combat Half-tracks
Fire Support Elements
MG34 Team
Flakvierling Half-track
Panzerjäger Mechanized Group
2.5-tonne Medical Truck
Construct Panzerarmee Kommand
Assault Mechanized Group
Selects Tank Busters
Selects Crew Shock Tactics
Selects Early Warning
Early Warning
Panzer III L Medium Tank
Emergency Repair Kits
Rapid Advance
Advanced Optics
Early Warning
Panzer III L Medium Tank
Tungsten Core Ammunition
Crew Shock Tactics
Early Warning
Panzerjäger Mechanized Group
Crew Shock Tactics
Early Warning
Selects Elefant Tank Destroyer
Advanced Field Repairs
Veteran Squad Leaders
Vehicle Survival Package
Armored Reserves
Crew Shock Tactics
Early Warning
Elefant Tank Destroyer
Crew Shock Tactics
Early Warning
Selects Butterfly Bomb Drop
Butterfly Bomb Drop
Butterfly Bomb Drop
Panzer IV Assault Group
Naveed #No2IRGC
corporatepolicies
Sgt. Barnes
This game made me racer. F CH*NA
PhoBoVien
RobbyBoogz
Vcigs
Master Catrominator
0
0

Comments sign in to comment!

No comments posted yet!